Map: Apotheosis LE

Players

porky

  • Race: Protoss Protoss
  • League: Silver

Gracz - Winner!

  • Race: Zerg Zerg
  • League: Silver

VOD

Have the link to the VOD?

Description

Time

  • Played on: Oct. 23, 2016, 11:26 a.m.
  • Length: 19:01
Show
View Real Time Build Order
Export as new Build Order

porky Protoss 

Build Orders:  

Get SALT Encoding   

  12  0:03  Probe (Chrono Boost)  
  13  0:21  Pylon  
  13  0:25  Assimilator  
  13  0:27  Probe (Chrono Boost)  
  14  0:37  Probe (Chrono Boost)  
  15  0:44  Gateway  
  15  0:52  Probe (Chrono Boost)  
  16  1:03  Probe (Chrono Boost)  
  17  1:13  Probe (Chrono Boost)  
  17  1:15  Forge  
  18  1:23  Pylon  
  18  1:24  Probe (Chrono Boost)  
  19  1:34  Cybernetics Core  
  19  1:37  Probe (Chrono Boost)  
  20  1:55  Photon Cannon  
  20  2:01  Gateway  
  20  2:05  Pylon  
  20  2:11  Warp Gate  
  20  2:14  Assimilator, Probe (Chrono Boost)  
  21  2:20  Stalker  
  24  2:31  Probe (Chrono Boost)  
  24  2:43  Probe (Chrono Boost)  
  25  2:53  Twilight Council  
  25  2:55  Probe (Chrono Boost)  
  25  2:56  Pylon  
  26  3:03  Adept  
  28  3:06  Adept  
  30  3:21  Protoss Ground Weapons Level 1  
  30  3:40  Unknown, Nexus  
  30  3:47  Pylon  
  30  4:00  Blink  
  30  4:03  Stalker  
  31  4:31  Photon Cannon  
  31  4:35  Photon Cannon  
  31  4:52  Unknown  
  31  4:53  Probe (Chrono Boost)  
  31  4:55  Probe (Chrono Boost)  
  33  5:04  Probe (Chrono Boost)  
  33  5:06  Stargate  
  35  5:07  Probe (Chrono Boost)  
  35  5:10  Pylon  
  35  5:14  Probe (Chrono Boost)  
  35  5:19  Probe (Chrono Boost)  
  37  5:23  Assimilator  
  37  5:25  Probe (Chrono Boost)  
  37  5:26  Assimilator  
  38  5:30  Stargate  
  38  5:31  Probe (Chrono Boost)  
  40  5:35  Probe (Chrono Boost)  
  40  5:41  Stalker  
  43  5:43  Probe (Chrono Boost)  
  43  5:46  Probe (Chrono Boost)  
  44  5:55  Probe (Chrono Boost)  
  44  5:56  Probe (Chrono Boost)  
  46  6:07  Probe (Chrono Boost)  
  47  6:12  Fleet Beacon  
  47  6:15  Pylon  
  47  6:22  Stalker  
  49  6:42  Gateway  
  49  6:43  Probe (Chrono Boost), Gateway  
  49  6:44  Probe (Chrono Boost)  
  51  6:47  Pylon  
  51  6:53  Probe (Chrono Boost)  
  52  6:54  Tempest  
  52  6:56  Probe (Chrono Boost)  
  57  7:04  Tempest  
  61  7:31  Tempest  
  61  7:35  Protoss Air Weapons Level 1  
  61  7:42  Tempest  
  69  8:03  Stalker x3  
  75  8:08  Tempest  
  79  8:26  Unknown, Nexus  
  79  8:30  Pylon  
  79  8:33  Tempest, Pylon  
  79  8:34  Unknown  
  83  8:46  Tempest  
  87  8:55  Pylon  
  87  8:57  Pylon  
  87  9:02  Pylon  
  87  9:05  Stalker x2  
  91  9:12  Tempest  
  95  9:26  Probe x2 (Chrono Boost)  
  97  9:33  Photon Cannon  
  97  9:37  Unknown  
  99  9:38  Probe (Chrono Boost)  
  99  9:39  Tempest, Probe (Chrono Boost)  
  103  9:57  Stalker x2  
  107  10:11  Tempest  
  107  10:16  Tempest  
  89  11:22  Tempest x2  
  97  11:36  Photon Cannon  
  97  11:37  Photon Cannon x2  
  97  11:39  Pylon  
  97  11:40  Assimilator  
  97  11:41  Assimilator  
  97  11:43  Pylon  
  97  11:51  Stalker  
  97  11:52  Stalker x2  
  103  11:59  Tempest x2  
  111  12:11  Gateway  
  111  12:14  Gateway  
  111  12:22  Graviton Catapult  
  111  12:36  Tempest x2  
  119  12:56  Unknown, Nexus  
  119  12:59  Pylon  
  119  13:02  Pylon  
  119  13:04  Stalker x4  
  127  13:07  Assimilator  
  127  13:08  Carrier  
  127  13:11  Assimilator  
  133  13:23  Stargate  
  133  13:24  Stargate  
  133  13:26  Pylon  
  133  13:29  Pylon x2  
  133  13:33  Photon Cannon  
  133  13:41  Carrier  
  139  13:58  Protoss Air Weapons Level 2  
  139  14:07  Unknown  
  93  14:57  Carrier  
  93  14:58  Carrier  
  73  15:09  Carrier x2  
  85  15:22  Stalker  
  85  15:24  Stalker x3  
  85  15:57  Zealot  
  85  15:58  Zealot x3  
  91  16:12  Carrier x2  
  91  16:18  Zealot  
  91  16:19  Zealot x2  
  101  16:34  Carrier  
  76  17:16  Carrier  
Show
View Real Time Build Order
Export as new Build Order

Gracz Zerg - Winner!

Build Orders: Hatch First 

Get SALT Encoding   

  12  0:01  Drone  
  13  0:21  Overlord  
  13  0:28  Drone  
  14  0:39  Drone  
  14  0:42  Drone  
  16  0:45  Drone  
  17  1:03  Unknown, Hatchery  
  16  1:17  Drone  
  17  1:18  Drone  
  17  1:21  Spawning Pool  
  17  1:24  Extractor, Drone  
  17  1:29  Drone  
  18  1:42  Drone  
  19  1:50  Overlord  
  19  2:03  Drone  
  20  2:13  Extractor  
  20  2:14  Drone  
  20  2:15  Unknown  
  20  2:19  Drone  
  20  2:22  Queen  
  23  2:26  Drone  
  24  2:31  Unknown, Hatchery  
  23  2:49  Drone x2  
  25  2:56  Drone x3  
  25  2:58  Queen  
  30  3:12  Drone x2  
  32  3:13  Drone  
  32  3:18  Roach Warren  
  32  3:21  Lair  
  32  3:28  Drone  
  32  3:29  Drone  
  32  3:34  Overlord  
  34  3:43  Unknown  
  34  3:48  Drone x4  
  35  3:49  Drone x2  
  35  3:52  Overlord  
  40  4:02  Pneumatized Carapace  
  40  4:03  Roach x2  
  44  4:12  Drone x3  
  44  4:13  Drone x2  
  49  4:37  Drone  
  50  4:46  Extractor  
  50  4:48  Extractor  
  50  4:49  Overlord  
  48  5:00  Glial Reconstitution  
  48  5:01  Metabolic Boost, Baneling Nest  
  48  5:03  Zergling x2  
  48  5:04  Zergling x16  
  56  5:08  Queen  
  58  5:24  Roach x4  
  66  5:30  Overlord x2  
  66  5:51  Drone  
  66  5:52  Drone x8  
  66  5:55  Roach  
  77  6:23  Tunneling Claws  
  77  6:27  Centrifical Hooks  
  77  6:30  Zergling x2  
  77  6:31  Zergling x8  
  82  6:33  Overlord x3  
  82  6:52  Baneling x7  
  82  6:53  Baneling  
  82  6:54  Baneling  
  82  6:55  Baneling  
  82  6:57  Ravager x6  
  82  6:58  Roach  
  82  6:59  Roach x5  
  82  7:00  Roach  
  102  7:01  Overlord  
  102  7:02  Overlord x7  
  102  7:18  Roach  
  102  7:19  Roach  
  106  7:36  Infestation Pit  
  105  7:37  Hydralisk Den  
  105  7:42  Evolution Chamber  
  103  7:44  Drone  
  103  7:45  Drone x2  
  103  7:47  Evolution Chamber  
  105  7:51  Zergling x2  
  105  7:52  Zergling x10  
  111  8:12  Overseer  
  111  8:46  Hydralisk  
  111  8:47  Hydralisk x9  
  131  9:02  Hydralisk x2  
  130  9:03  Hydralisk  
  136  9:13  Spire  
  135  9:23  Zerg Melee Weapons Level 1  
  135  9:24  Zerg Ground Armor Level 1  
  135  9:28  Unknown, Hatchery  
  135  9:30  Spire  
  133  9:34  Drone x3  
  133  9:35  Drone  
  133  9:36  Extractor  
  133  9:37  Overlord x4  
  136  9:38  Extractor  
  136  9:43  Queen  
  137  9:55  Queen x2  
  141  10:02  Hydralisk x6  
  141  10:03  Hydralisk  
  155  10:15  Hydralisk x2  
  155  10:19  Queen  
  156  10:30  Queen x2  
  151  10:39  Unknown  
  133  10:55  Queen  
  131  11:02  Hydralisk x6  
  131  11:03  Hydralisk x3  
  145  11:06  Queen x2  
  141  11:29  Mutalisk x6  
  141  11:30  Roach  
  155  11:56  Corruptor x4  
  163  12:11  Mutalisk x2  
  163  12:14  Overlord x4  
  153  12:37  Corruptor  
  153  12:38  Corruptor x4  
  163  12:47  Drone x4  
  163  12:48  Drone x3  
  170  13:03  Corruptor  
  170  13:04  Corruptor x3  
  178  13:19  Extractor  
  177  13:27  Extractor  
  177  13:30  Corruptor  
  177  13:31  Corruptor x3  
  184  13:42  Corruptor  
  184  13:44  Hydralisk x2  
  190  14:04  Corruptor  
  190  14:05  Corruptor x3  
  169  14:56  Overlord  
  169  14:57  Overlord x11  
  169  14:58  Overlord x13  
  165  15:11  Zerg Flyer Weapons Level 1, Zerg Flyer Armor Level 1  
  163  15:38  Roach x10  
  163  15:39  Roach x2  
  184  16:08  Roach  
  184  16:09  Roach x7  
  195  16:36  Corruptor  
  195  16:37  Corruptor  
  133  17:13  Corruptor  
  133  17:14  Corruptor x11  
  145  17:26  Roach  
  145  17:27  Roach x3  
  153  17:57  Corruptor x4  
  153  17:58  Mutalisk, Corruptor x2  
Tags
 
Add a new tag
Caveats
  • Supply blocks, unpowered buildings, or Contaminate may cause inaccurate times.
  • Supply counts are checked every 10 seconds.